 Dungeon Crawl Stone Soup version 0.22-a0-181-gb22368a (webtiles) character file.

517724 mhoghedin the Stickfighter (level 25, -6/202 HPs)
             Began as a Gnoll Wanderer on Feb 14, 2018.
             Was the Champion of the Shining One.
             Killed from afar by a storm dragon (35 damage)
             ... with a bolt of lightning
             ... on level 3 of the Depths.
             The game lasted 03:02:15 (62213 turns).

mhoghedin the Stickfighter (Gnoll Wanderer)        Turns: 62213, Time: 03:02:15

Health: -6/202     AC: 36    Str: 26    XL:     25   Next: 21%
Magic:  32/42      EV: 14    Int: 11    God:    the Shining One [******]
Gold:   5036       SH: 13    Dex: 16    Spells: 31/55 levels left

rFire    + . .     SeeInvis .   a - +4 lajatang (elec)
rCold    + . .     Gourm    .   (shield currently unavailable)
rNeg     + + +     Faith    .   u - +4 gold dragon scales
rPois    +         Spirit   .   v - +1 helmet
rElec    .         Reflect  .   s - +0 cloak
rCorr    .         Harm     .   V - +2 pair of gloves {archery}
MR       +++..     Rnd*Rage +   F - +2 pair of boots {Fly}
Stlth    ..........             H - necklace of Bloodlust {*Rage +Rage MR++ Int-3 Slay+6 *Curse}
HPRegen  0.43/turn              K - +3 ring of slaying
MPRegen  0.28/turn              L - ring of poison resistance {rPois, !d}

@: divine shield, about to teleport, flying, glowing
A: distributed training, fangs 1, strong nose
}: 3/15 runes: decaying, silver, gossamer
a: Divine Shield, Cleansing Flame, Summon Divine Warrior, Renounce Religion,
Evoke Berserk Rage, Stop Flying


You were on level 3 of the Depths.
You worshipped the Shining One.
The Shining One was exalted by your worship.
You were very hungry.

You visited 8 branches of the dungeon, and saw 42 of its levels.
You visited the Abyss 2 times.
You also visited: Sewer and Volcano.

You collected 7277 gold pieces.
You spent 2241 gold pieces at shops.

Inventory:

Hand Weapons
 a - a +4 lajatang of electrocution (weapon)
   (You took it off Agnes on level 1 of the Spider Nest)
 b - the +8 longbow "Zephyr" {speed, Dex+3 SInv}
   (You found it on level 5 of the Vaults)

   Attacks with this weapon are significantly faster.
   It affects your dexterity (+3).
   It lets you see invisible.
 c - a +3 lajatang of holy wrath
   (You found it on level 3 of the Elven Halls)
Missiles
 q - 919 arrows
Armour
 s - a +0 cloak (worn)
   (You took it off a red draconian in a volcano)
 u - +4 gold dragon scales (worn)
   (You found it on level 5 of the Vaults)
 v - a +1 helmet (worn)
   (You took it off Robin on level 3 of the Dungeon)
 F - a +2 pair of boots of flying (worn)
   (You found it in a volcano)
 V - a +2 pair of gloves of archery (worn)
   (You found it on level 6 of the Lair of Beasts)
Jewellery
 B - an uncursed ring of magical power {MP+9}
   (You took it off a tengu warrior on level 3 of the Depths)
 H - the necklace of Bloodlust (around neck) {*Rage +Rage MR++ Int-3 Slay+6 *Curse}
   (You found it on level 6 of the Lair of Beasts)

   [amulet of rage]

   It affects your intelligence (-3).
   It affects your accuracy and damage with ranged weapons and melee attacks
   (+6).
   It affects your resistance to hostile enchantments.
   It lets you go berserk.
   It may make you go berserk in combat.
   It curses itself when equipped.
 K - a +3 ring of slaying (left hand)
   (You found it on level 11 of the Dungeon)
 L - a ring of poison resistance (right hand) {rPois, !d}
   (You took it off a deep elf knight on level 3 of the Elven Halls)
Wands
 g - a wand of acid (10)
   (You took it off a deep elf mage on level 3 of the Elven Halls)
 r - a wand of digging (2)
   (You found it on level 1 of the Depths)
 y - a wand of iceblast (22)
   (You found it on level 8 of the Dungeon)
 A - a wand of disintegration (16)
   (You found it on level 1 of the Spider Nest)
 D - a wand of enslavement (13)
   (You took it off an orc on level 10 of the Dungeon)
 E - a wand of paralysis (46)
   (You took it off a centaur on level 10 of the Dungeon)
 J - a wand of polymorph (31)
   (You found it on level 7 of the Dungeon)
 M - a wand of scattershot (13)
   (You found it on level 3 of the Lair of Beasts)
Scrolls
 e - 4 scrolls of blinking {!r}
 j - a scroll of amnesia
 m - 4 scrolls of teleportation
 n - 5 scrolls of fog
 o - 19 scrolls of identify
 p - a scroll of silence
 t - 21 scrolls of remove curse
 z - a scroll of holy word {!r}
 C - 2 scrolls of enchant weapon
 O - 3 scrolls of brand weapon
 T - 10 scrolls of magic mapping {!r}
 W - a scroll of fear
Potions
 h - 4 potions of heal wounds
 i - 5 potions of magic
 k - 14 potions of curing
 l - 5 potions of haste
 w - 8 potions of brilliance
 x - 4 potions of might
 G - 4 potions of cancellation
 I - 2 potions of ambrosia
 P - 6 potions of mutation {!q}
 R - 3 potions of agility
 U - a potion of berserk rage {!q}
Miscellaneous
 d - a lightning rod (4/4)
   (You found it on level 3 of the Elven Halls)
 N - a fan of gales
   (You found it on level 1 of the Lair of Beasts)
 Q - 2 phantom mirrors
 S - a lamp of fire
   (You found it on level 3 of the Elven Halls)
 X - a phial of floods
   (You found it on level 1 of the Elven Halls)
 Y - a sack of spiders
 Z - 2 boxes of beasts
Comestibles
 f - 19 rations


   Skills:
 + Level 17.5 Fighting
 + Level 15.9 Short Blades
 + Level 15.9 Long Blades
 + Level 15.9 Axes
 + Level 15.9 Maces & Flails
 + Level 15.9 Polearms
 + Level 17.5 Staves
 + Level 15.9 Slings
 + Level 15.9 Bows
 + Level 15.9 Crossbows
 + Level 16.1 Throwing
 + Level 15.9 Armour
 + Level 15.9 Dodging
 + Level 15.9 Stealth
 + Level 16.1 Shields
 + Level 15.9 Unarmed Combat
 + Level 15.9 Spellcasting
 + Level 13.7 Conjurations
 + Level 13.7 Hexes
 + Level 13.7 Charms
 + Level 13.7 Summonings
 + Level 13.7 Necromancy
 + Level 13.7 Translocations
 + Level 13.7 Transmutations
 + Level 13.7 Fire Magic
 + Level 13.7 Ice Magic
 + Level 13.7 Air Magic
 + Level 13.7 Earth Magic
 + Level 13.7 Poison Magic
 + Level 17.1 Invocations
 + Level 15.9 Evocations


You had 31 spell levels left.
You knew the following spells:

 Your Spells              Type           Power        Failure   Level  Hunger
a - Shroud of Golubria    Chrm/Tloc      #####.....   1%          2    None
b - Blink                 Tloc           N/A          1%          2    None
c - Passage of Golubria   Tloc           N/A          4%          4    ###....
d - Portal Projectile     Hex/Tloc       #####.       1%          3    None
e - Silence               Hex/Air        #####.....   14%         5    #####..
f - Deflect Missiles      Chrm/Air       #####.....   61%         6    ######.
g - Apportation           Tloc           #####.       1%          1    None
B - Summon Butterflies    Summ           #####...     1%          1    None


Dungeon Overview and Level Annotations

Branches:
Dungeon (15/15)            Temple (0/1) D:4            Lair (6/6) D:11
  Swamp (4/4) Lair:2       Spider (4/4) Lair:2        Slime (0/5) Lair:5
    Orc (2/2) D:12            Elf (3/3) Orc:2        Vaults (5/5) D:14
  Crypt (0/3) Vaults:2     Depths (3/5) D:15

Altars:
Ashenzari
Cheibriados
Elyvilon
Gozag
Kikubaaqudgha
Makhleb
Nemelex Xobeh
Qazlal
Ru
Uskayaw
Wu Jian
Xom
Zin
The Shining One
Beogh

Shops:
D:4 (   D:11 :   Orc:2 *(([   Vaults:2 !(}*   Vaults:3 =:[   Vaults:5 (

Portals:
Hell: Depths:1 Depths:2
Abyss: Depths:3
Pandemonium: Depths:1 Depths:3
Ziggurat: Depths:1
Trove: Vaults:2 (give +4 ice dragon scales)


Innate Abilities, Weirdness & Mutations

Your experience applies equally to all skills.
You have very sharp teeth.
Your uncanny sense of smell can sniff out nearby items.


Message History

The quicksilver dragon claws you.
You take 13 damage, and have 102/202 hp.
You slice the quicksilver dragon!! You bite the quicksilver dragon!
Your daeva hits the tengu conjurer with a scimitar of holy wrath!!
Your daeva misses the tengu conjurer.
The storm dragon bites you but does no damage.
You block the storm dragon's attack.
The storm dragon tramples you but does no damage.
The quicksilver dragon barely misses you.
The quicksilver dragon claws you!
You take 10 damage, and have 92/202 hp.
You slice the quicksilver dragon!!
You kill the quicksilver dragon!
The tengu conjurer misses you. The tengu conjurer barely misses you.
The tengu conjurer claws you but does no damage.
The storm dragon misses you.
The storm dragon claws you but does no damage.
The storm dragon tramples you but does no damage.
Your daeva hits the tengu conjurer with a scimitar of holy wrath!!
The tengu conjurer dies!
The battlesphere dissipates.
The storm dragon breathes lightning at you.
The bolt of lightning misses you. The bolt of lightning hits you!
* * * LOW HITPOINT WARNING * * *
The bolt of lightning hits the storm dragon.
The storm dragon completely resists.
You take 41 damage, and have 52/202 hp.
MASSIVE DAMAGE!!
Unknown command.
Unknown command.
You block the storm dragon's attack. x2
The storm dragon tramples you but does no damage.
Okay, then.
Unknown command.
Unknown command.
Okay, then.
Unknown command.
Okay, then.
Unknown command.
Unknown command.
Okay, then.
Unknown command.
Okay, then.
Unknown command.
Unknown command.
The storm dragon bites you but does no damage.
You block the storm dragon's attack. x2
Your daeva calls down the wrath of the Shining One upon the storm dragon.
The storm dragon is smitten.
The storm dragon barely misses you. The storm dragon claws you.
* * * LOW HITPOINT WARNING * * *
The storm dragon tramples you but does no damage.
You take 1 damage, and have 52/202 hp.
A yaktaur comes into view.
You recover from your berserk rage.
Your daeva calls down the wrath of the Shining One upon the storm dragon.
The storm dragon is smitten.
The storm dragon misses your butterfly.
The storm dragon completely misses your butterfly.
The storm dragon misses your butterfly.
Things that are here:
an arbalest of freezing; 15 bolts Your daeva calls down the wrath of the Shining One upon the storm dragon.
The storm dragon is smitten.
A yaktaur comes into view.
You block the storm dragon's attack. The storm dragon claws you.
* * * LOW HITPOINT WARNING * * *
The storm dragon tramples you but does no damage.
The yaktaur wields an arbalest.
The yaktaur shoots a bolt.
The bolt closely misses you.
Things that are here:
an arbalest of freezing; 15 bolts You take 1 damage, and have 52/202 hp.
As you read the scroll of teleportation, it crumbles to dust.
You feel strangely unstable.
The storm dragon breathes lightning at you.
The bolt of lightning hits you!
* * * LOW HITPOINT WARNING * * *
You hear a shout!
Unknown command.
You take 17 damage, and have 35/202 hp.
Okay, then.
Unknown command.
You feel better. The storm dragon completely misses you.
You block the storm dragon's attack.
The storm dragon tramples you but does no damage.
The yaktaur wields a glowing arbalest.
The yaktaur shoots a bolt.
The bolt hits you!
* * * LOW HITPOINT WARNING * * *
x2 Your daeva calls down the wrath of the Shining One upon the storm dragon.
The storm dragon is smitten.
The yaktaur shoots a bolt.
The bolt hits you but does no damage. The storm dragon bites you.
* * * LOW HITPOINT WARNING * * *
The storm dragon claws you but does no damage.
The storm dragon closely misses you.
You take 7 damage, and have 28/202 hp.
Your daeva calls down the wrath of the Shining One upon the storm dragon.
The storm dragon is smitten.
The storm dragon breathes lightning at you.
The bolt of lightning hits you!
You die...

...#...#.....'.......
....###......'.......
.............#.......
##.......###.##8#8##8
...8...8.....# ## #
..........(.#####
...8...8....#b..####
.........(..'...(..##
...8...8.))'(.).@...###
..........)'..bAD)....##
#..8...8..##...b).....⌠##
#...._....#####.....b...##
##..)..§.##.).###........##
##).∩.}##.)....#'c.......##
#######........c'#.......##
..§(..)......÷(.##.......#
...............[.##......#


You could see a storm dragon, 2 yaktaurs and a friendly daeva.

Vanquished Creatures
  A juggernaut (Depths:3)
  3 ancient liches
  Nikola (Elf:3)
  3 golden dragons
  A bone dragon (Swamp:4)
  Arachne (Spider:2)
  5 liches
  Rupert (D:14)
  4 tentacled monstrosities
  Asterion (Spider:2)
  2 deep elf blademasters
  A quicksilver dragon (Depths:3)
  4 titans (Vaults:5)
  A deep elf master archer (Elf:3)
  3 sphinxes
  3 shadow dragons
  2 tentacled starspawn (Abyss:3)
  3 thorn hunters (Swamp:4)
  Kirke (Elf:1)
  Agnes (Spider:1)
  3 storm dragons (Vaults:5)
  Roxanne (Spider:4)
  5 tengu reavers
  Donald (Spider:1)
  6 fire giants
  4 frost giants
  3 deep elf sorcerers
  4 orc warlords
  4 ghost moths
  6 emperor scorpions (Spider:4)
  A ghost moth (shapeshifter) (Vaults:5)
  14 vault wardens
  An iron dragon (Depths:3)
  4 deep elf elementalists
  A ghoul (Vaults:2)
  13 ironheart preservers
  4 war gargoyles
  An entropy weaver (Spider:1)
  16 stone giants
  12 deep elf demonologists
  Azrael (D:12)
  A vampire knight (Depths:3)
  7 very ugly things
  A red draconian (Volcano)
  7 deep elf annihilators
  6 deep elf death magi
  A green death (Depths:1)
  An eidolon (Abyss:3)
  Snorg (Lair:4)
  10 ettins
  5 fire dragons
  4 deep elf high priests
  13 yaktaur captains
  3 rakshasas
  34 vault guards
  7 great orbs of eyes
  10 hydras
  5 ghost crabs
  A monstrous demonspawn (Depths:1)
  3 ice dragons
  31 dancing weapons
  8 deep troll shamans
  9 centaur warriors
  45 two-headed ogres
  6 orc high priests
  4 death knights
  15 alligators
  15 ogre magi
  3 deep troll earth magi
  2 vampire magi
  2 thrashing horrors (Abyss:3)
  3 death yaks (Lair:6)
  8 spriggan berserkers
  A storm dragon zombie (Vaults:3)
  13 tengu warriors
  A spriggan (Swamp:4)
  A hell hog (Abyss:3)
  19 deep elf knights
  4 soul eaters
  An iron troll (Depths:1)
  A salamander mystic (Volcano)
  A shadow wraith (Vaults:3)
  10 skeletal warriors
  A spriggan druid (Swamp:3)
  A gelid demonspawn (Depths:1)
  2 flayed ghosts
  3 unseen horrors
  18 deep trolls
  5 phantasmal warriors
  3 glowing orange brains (Depths:3)
  4 wizards
  3 swamp dragons
  18 deep elf archers
  13 ironbrand convokers
  20 orc knights
  19 wolf spiders
  A harpy (Vaults:3)
  A lindwurm (Lair:6)
  3 orc sorcerers
  11 orb spiders
  43 ugly things
  80 deep elf magi
  3 necromancers
  5 cyclopes
  2 manticores (D:12)
  A moth of wrath (shapeshifter) (D:15)
  A worldbinder (Abyss:3)
  A fire giant zombie (D:15)
  An elephant (shapeshifter) (Vaults:5)
  A cyclops (shapeshifter) (Elf:3)
  7 black mambas
  8 vault sentinels
  A frost giant skeleton (D:15)
  A moth of wrath (Spider:3)
  7 salamanders
  7 elephants
  A salamander (shapeshifter) (Depths:1)
  A smoke demon (Abyss:3)
  An ice statue (D:14)
  An eye of devastation (shapeshifter) (Vaults:1)
  2 gargoyles
  8 rust devils
  Joseph (D:9)
  A water nymph (shapeshifter) (Vaults:3)
  5 molten gargoyles
  An eye of devastation (Lair:5)
  A spiny frog (shapeshifter) (Elf:1)
  15 spiny frogs
  5 swamp worm zombies (Swamp:4)
  9 torpor snails
  32 yaktaurs
  A rime drake (shapeshifter) (Elf:3)
  2 rime drakes
  7 freezing wraiths
  A redback zombie (D:15)
  An efreet (D:15)
  6 komodo dragons
  5 demonic crawlers
  2 yaktaurs (shapeshifter)
  A hellwing (Abyss:3)
  6 trolls
  8 tyrant leeches
  A merfolk (shapeshifter) (Vaults:5)
  A hydra zombie (Swamp:4)
  14 hornets
  32 jumping spiders
  3 meliai (D:15)
  2 spectral swamp dragons (Swamp:4)
  A deep troll zombie (D:15)
  7 bog bodies
  24 blink frogs
  10 dream sheep
  A dream sheep (shapeshifter) (Elf:2)
  4 raiju (Abyss:3)
  2 alligator zombies (Swamp:4)
  36 slime creatures
  10 hippogriffs
  A hippogriff (shapeshifter) (Vaults:3)
  2 ettin zombies (Vaults:3)
  11 flying skulls
  A frost giant simulacrum (Vaults:1)
  4 human simulacra
  15 tarantellas
  A fire dragon zombie (D:15)
  2 shadows
  82 redbacks
  6 air elementals
  An ettin skeleton (Vaults:3)
  A yak (shapeshifter) (Vaults:1)
  42 yaks
  2 vampires
  11 water elementals
  7 wraiths
  5 fire elementals
  2 hogs (D:7)
  A human (D:7)
  4 fire bats
  A hungry ghost (D:12)
  3 ynoxinuls (Abyss:3)
  A basilisk (shapeshifter) (Vaults:3)
  8 wyverns
  25 vampire mosquitoes
  A golden eye (shapeshifter) (D:12)
  2 steam dragons
  A chaos spawn (Depths:1)
  5 basilisks
  Grum (D:10)
  A large abomination (Abyss:3)
  21 swamp worms
  7 wargs
  24 insubstantial wisps
  A soldier ant (shapeshifter) (Vaults:5)
  A soldier ant (D:12)
  16 water moccasins
  A black bear (shapeshifter) (Vaults:4)
  7 hell hounds
  3 ice beasts
  16 porcupines
  An elf zombie (Vaults:5)
  2 swamp drakes
  66 orc warriors
  4 black bears
  2 phantoms
  A necrophage (D:10)
  A boggart (shapeshifter) (Vaults:5)
  9 sky beasts
  A tengu (shapeshifter) (Vaults:5)
  2 eyes of draining
  2 swamp dragon zombies (Swamp:4)
  55 ogres
  A boggart (Vaults:1)
  A tengu (D:9)
  16 wolves
  A crocodile (shapeshifter) (Depths:2)
  14 centaurs
  12 crocodiles
  19 bullfrogs
  4 big kobolds
  2 human zombies
  2 gnoll sergeants (D:7)
  A wyvern zombie (D:12)
  5 earth elementals
  A wyvern skeleton (D:12)
  3 scorpions
  A water moccasin skeleton (D:10)
  7 killer bees
  9 electric eels
  20 wights
  6 howler monkeys
  7 lava snakes
  11 crimson imps
  5 centaur zombies
  11 hounds
  2 quasits (Depths:1)
  2 bullfrog zombies
  2 centaur skeletons
  3 gnoll shamans
  9 jellies
  32 orc wizards
  33 orc priests
  2 bullfrog skeletons
  2 iron imps
  Jessica (D:2)
  Terence (D:3)
  5 iguanas
  Natasha (twice) (D:2)
  8 worker ants
  A killer bee zombie (D:9)
  A hound skeleton (D:5)
  A worker ant zombie (D:8)
  Robin (D:3)
  18 gnolls
  14 adders
  2 swamp drake zombies (Swamp:4)
  5 shadow imps
  A white imp (Depths:1)
  An ufetubus (Depths:1)
  An ooze (D:7)
  2 adder skeletons
  4 worms
  4 dart slugs
  8 leopard geckos
  134 orcs
  10 giant cockroaches
  19 goblins
  18 hobgoblins
  12 jackals
  4 quokkas
  7 ball pythons
  8 bats
  6 frilled lizards
  17 kobolds
  2 quokka skeletons
  2 quokka zombies
  9 rats
  4 crawling corpses
2109 creatures vanquished.

Vanquished Creatures (collateral kills)
  A deep elf blademaster (Elf:3)
  A deep elf master archer (Elf:3)
  3 vault wardens
  5 deep elf sorcerers
  3 ironheart preservers
  A deep elf demonologist (Elf:3)
  2 deep elf annihilators (Elf:3)
  An ettin (Vaults:5)
  3 deep elf death magi
  2 deep elf high priests
  4 vault guards
  A fire dragon (Depths:3)
  A yaktaur captain (Vaults:3)
  4 two-headed ogres
  An alligator (Swamp:4)
  A dancing weapon (Elf:3)
  An ogre mage (Vaults:5)
  A death drake (Swamp:4)
  2 spectral hydras (Swamp:4)
  A deep elf archer (Vaults:4)
  An ironbrand convoker (Vaults:1)
  3 ugly things
  A vault sentinel (Vaults:1)
  A freezing wraith (Vaults:3)
  A yaktaur (Vaults:2)
  A tengu conjurer (Depths:3)
  A hydra zombie (Swamp:4)
  A tyrant leech (Swamp:4)
  An alligator zombie (Swamp:4)
  2 spectral swamp dragons (Swamp:4)
  2 wargs
  2 insubstantial wisps (Swamp:4)
  A floating eye (shapeshifter) (Vaults:3)
  3 swamp dragon zombies (Swamp:4)
  An orc warrior (Vaults:3)
  4 phantoms (Swamp:4)
  4 ogres
  An earth elemental (Elf:3)
  2 orcs
72 creatures vanquished.

Vanquished Creatures (others)
  An ironheart preserver (Vaults:4)
  A stone giant (Depths:1)
  An alligator (Swamp:4)
  A deep elf archer (Vaults:3)
  2 humans (Elf:1)
  4 insubstantial wisps (Swamp:4)
  An orc warrior (Vaults:3)
  A kobold (D:7)
  A bush (Lair:3)
  17 fungi
  23 plants
  8 starspawn tentacles (Abyss:3)
  A withered plant (D:15)
62 creatures vanquished.

Grand Total: 2243 creatures vanquished

Notes
Turn   | Place    | Note
-------+----------+-------------------------------------------
     0 | D:1      | mhoghedin the Gnoll Wanderer began the quest for the Orb.
     0 | D:1      | mhoghedin set off with: a +0 shield, a potion of curing, a +0 quarterstaff, a +0 robe, a +0 club, a ration
     0 | D:1      | Reached XP level 1. HP: 26/26 MP: 1/1
   269 | D:1      | Reached XP level 2. HP: 33/33 MP: 2/2
   665 | D:2      | Reached XP level 3. HP: 38/38 MP: 3/3
   775 | D:2      | Reached skill level 1 in Short Blades
   775 | D:2      | Reached skill level 1 in Long Blades
   775 | D:2      | Reached skill level 1 in Axes
   775 | D:2      | Reached skill level 1 in Maces & Flails
   775 | D:2      | Reached skill level 1 in Polearms
   775 | D:2      | Reached skill level 1 in Slings
   775 | D:2      | Reached skill level 1 in Bows
   775 | D:2      | Reached skill level 1 in Crossbows
   775 | D:2      | Reached skill level 1 in Armour
   775 | D:2      | Reached skill level 1 in Dodging
   775 | D:2      | Reached skill level 1 in Stealth
   775 | D:2      | Reached skill level 1 in Unarmed Combat
   775 | D:2      | Reached skill level 1 in Spellcasting
   775 | D:2      | Reached skill level 1 in Invocations
   775 | D:2      | Reached skill level 1 in Evocations
   776 | D:2      | Reached XP level 4. HP: 24/45 MP: 3/5
   791 | D:2      | HP: 15/67 [orc wizard/dagger (5)]
  1075 | D:2      | Reached skill level 1 in Conjurations
  1075 | D:2      | Reached skill level 1 in Hexes
  1075 | D:2      | Reached skill level 1 in Charms
  1075 | D:2      | Reached skill level 1 in Summonings
  1075 | D:2      | Reached skill level 1 in Necromancy
  1075 | D:2      | Reached skill level 1 in Translocations
  1075 | D:2      | Reached skill level 1 in Transmutations
  1075 | D:2      | Reached skill level 1 in Fire Magic
  1075 | D:2      | Reached skill level 1 in Ice Magic
  1075 | D:2      | Reached skill level 1 in Air Magic
  1075 | D:2      | Reached skill level 1 in Earth Magic
  1075 | D:2      | Reached skill level 1 in Poison Magic
  1183 | D:2      | Reached XP level 5. HP: 46/51 MP: 6/6
  1242 | D:2      | Noticed Jessica
  1250 | D:2      | Killed Jessica
  1250 | D:2      | Reached skill level 3 in Throwing
  1250 | D:2      | Reached skill level 3 in Shields
  1412 | D:2      | Noticed Natasha
  1416 | D:2      | Killed Natasha
  1499 | D:2      | Noticed Natasha
  1506 | D:2      | Killed Natasha
  1592 | D:2      | Found a glowing golden altar of the Shining One.
  1774 | D:2      | Became a worshipper of the Shining One
  1820 | D:3      | Reached XP level 6. HP: 57/57 MP: 8/8
  1878 | D:3      | Reached skill level 2 in Invocations
  2031 | D:3      | Noticed Terence
  2062 | D:3      | Killed Terence
  2161 | D:3      | Noticed Robin
  2171 | D:3      | Killed Robin
  2305 | D:3      | Reached skill level 2 in Short Blades
  2305 | D:3      | Reached skill level 2 in Long Blades
  2305 | D:3      | Reached skill level 2 in Axes
  2305 | D:3      | Reached skill level 2 in Maces & Flails
  2305 | D:3      | Reached skill level 2 in Polearms
  2305 | D:3      | Reached skill level 2 in Slings
  2305 | D:3      | Reached skill level 2 in Bows
  2305 | D:3      | Reached skill level 2 in Crossbows
  2305 | D:3      | Reached skill level 2 in Armour
  2305 | D:3      | Reached skill level 2 in Dodging
  2305 | D:3      | Reached skill level 2 in Stealth
  2305 | D:3      | Reached skill level 2 in Unarmed Combat
  2305 | D:3      | Reached skill level 2 in Spellcasting
  2305 | D:3      | Reached skill level 2 in Evocations
  2346 | D:3      | Found a sacrificial altar of Ru.
  2413 | D:3      | Found a glowing drain.
  2531 | Sewer    | Entered a sewer
  2640 | Sewer    | Reached XP level 7. HP: 39/63 MP: 10/10
  3197 | D:4      | Found Uczoq's Weapon Shop.
  3304 | D:4      | Got a polished leather armour
  3341 | D:4      | Identified the +3 leather armour "Toneh" {Dex+3 Stlth+} (You found it on level 4 of the Dungeon)
  3355 | D:4      | Reached * piety under the Shining One
  3615 | D:4      | Found a staircase to the Ecumenical Temple.
  3724 | D:5      | Entered Level 5 of the Dungeon
  3734 | D:5      | Reached skill level 2 in Conjurations
  3734 | D:5      | Reached skill level 2 in Hexes
  3734 | D:5      | Reached skill level 2 in Charms
  3734 | D:5      | Reached skill level 2 in Summonings
  3734 | D:5      | Reached skill level 2 in Necromancy
  3734 | D:5      | Reached skill level 2 in Translocations
  3734 | D:5      | Reached skill level 2 in Transmutations
  3734 | D:5      | Reached skill level 2 in Fire Magic
  3734 | D:5      | Reached skill level 2 in Ice Magic
  3734 | D:5      | Reached skill level 2 in Air Magic
  3734 | D:5      | Reached skill level 2 in Earth Magic
  3734 | D:5      | Reached skill level 2 in Poison Magic
  3852 | D:5      | Reached skill level 9 in Fighting
  3852 | D:5      | Reached skill level 9 in Staves
  3883 | D:5      | Reached skill level 3 in Invocations
  3936 | D:5      | Reached XP level 8. HP: 65/71 MP: 12/12
  3945 | D:5      | Found an ornate altar of the Wu Jian Council.
  3955 | D:5      | Reached skill level 3 in Short Blades
  3955 | D:5      | Reached skill level 3 in Long Blades
  3955 | D:5      | Reached skill level 3 in Axes
  3955 | D:5      | Reached skill level 3 in Maces & Flails
  3955 | D:5      | Reached skill level 3 in Polearms
  3955 | D:5      | Reached skill level 3 in Slings
  3955 | D:5      | Reached skill level 3 in Bows
  3955 | D:5      | Reached skill level 3 in Crossbows
  3955 | D:5      | Reached skill level 4 in Throwing
  3955 | D:5      | Reached skill level 3 in Armour
  3955 | D:5      | Reached skill level 3 in Dodging
  3955 | D:5      | Reached skill level 3 in Stealth
  3955 | D:5      | Reached skill level 4 in Shields
  3955 | D:5      | Reached skill level 3 in Unarmed Combat
  3955 | D:5      | Reached skill level 3 in Spellcasting
  3955 | D:5      | Reached skill level 3 in Evocations
  3975 | D:5      | Got a smelly leather armour
  3986 | D:5      | Identified the +1 leather armour of the Valley of Death {-Cast Str+6 SInv} (You found it on level 5 of the Dungeon)
  4940 | D:6      | Found a white marble altar of Elyvilon.
  5418 | D:7      | Reached skill level 3 in Conjurations
  5418 | D:7      | Reached skill level 3 in Hexes
  5418 | D:7      | Reached skill level 3 in Charms
  5418 | D:7      | Reached skill level 3 in Summonings
  5418 | D:7      | Reached skill level 3 in Necromancy
  5418 | D:7      | Reached skill level 3 in Translocations
  5418 | D:7      | Reached skill level 3 in Transmutations
  5418 | D:7      | Reached skill level 3 in Fire Magic
  5418 | D:7      | Reached skill level 3 in Ice Magic
  5418 | D:7      | Reached skill level 3 in Air Magic
  5418 | D:7      | Reached skill level 3 in Earth Magic
  5418 | D:7      | Reached skill level 3 in Poison Magic
  5418 | D:7      | Reached skill level 4 in Invocations
  5432 | D:7      | Noticed a hippogriff
  5448 | D:7      | Killed a hippogriff
  5448 | D:7      | Reached XP level 9. HP: 59/76 MP: 14/14
  5549 | D:7      | Reached ** piety under the Shining One
  5773 | D:7      | Reached skill level 4 in Short Blades
  5773 | D:7      | Reached skill level 4 in Long Blades
  5773 | D:7      | Reached skill level 4 in Axes
  5773 | D:7      | Reached skill level 4 in Maces & Flails
  5773 | D:7      | Reached skill level 4 in Polearms
  5773 | D:7      | Reached skill level 4 in Slings
  5773 | D:7      | Reached skill level 4 in Bows
  5773 | D:7      | Reached skill level 4 in Crossbows
  5773 | D:7      | Reached skill level 4 in Armour
  5773 | D:7      | Reached skill level 4 in Dodging
  5773 | D:7      | Reached skill level 4 in Stealth
  5773 | D:7      | Reached skill level 4 in Unarmed Combat
  5773 | D:7      | Reached skill level 4 in Spellcasting
  5773 | D:7      | Reached skill level 4 in Evocations
  5805 | D:7      | Reached skill level 5 in Throwing
  5805 | D:7      | Reached skill level 5 in Shields
  6009 | D:7      | Reached skill level 5 in Invocations
  6142 | D:7      | Reached XP level 10. HP: 57/84 MP: 13/17
  6167 | D:7      | Reached skill level 4 in Conjurations
  6167 | D:7      | Reached skill level 4 in Hexes
  6167 | D:7      | Reached skill level 4 in Charms
  6167 | D:7      | Reached skill level 4 in Summonings
  6167 | D:7      | Reached skill level 4 in Necromancy
  6167 | D:7      | Reached skill level 4 in Translocations
  6167 | D:7      | Reached skill level 4 in Transmutations
  6167 | D:7      | Reached skill level 4 in Fire Magic
  6167 | D:7      | Reached skill level 4 in Ice Magic
  6167 | D:7      | Reached skill level 4 in Air Magic
  6167 | D:7      | Reached skill level 4 in Earth Magic
  6167 | D:7      | Reached skill level 4 in Poison Magic
  6597 | D:8      | Found a hide-covered altar of Uskayaw.
  6634 | D:8      | Reached skill level 5 in Short Blades
  6634 | D:8      | Reached skill level 5 in Long Blades
  6634 | D:8      | Reached skill level 5 in Axes
  6634 | D:8      | Reached skill level 5 in Maces & Flails
  6634 | D:8      | Reached skill level 5 in Polearms
  6634 | D:8      | Reached skill level 5 in Slings
  6634 | D:8      | Reached skill level 5 in Bows
  6634 | D:8      | Reached skill level 5 in Crossbows
  6634 | D:8      | Reached skill level 5 in Armour
  6634 | D:8      | Reached skill level 5 in Dodging
  6634 | D:8      | Reached skill level 5 in Stealth
  6634 | D:8      | Reached skill level 5 in Unarmed Combat
  6634 | D:8      | Reached skill level 5 in Spellcasting
  6634 | D:8      | Reached skill level 5 in Evocations
  6668 | D:8      | HP: 21/85 [poisoned by a killer bee]
  6677 | D:8      | HP: 21/85 [poisoned by a killer bee]
  6683 | D:8      | HP: 21/85 [poisoned by a killer bee]
  6689 | D:8      | HP: 21/85 [poisoned by a killer bee]
  6695 | D:8      | HP: 21/85 [poisoned by a killer bee]
  7087 | D:8      | Reached skill level 10 in Fighting
  7087 | D:8      | Reached skill level 10 in Staves
  7227 | D:8      | Found a glowing silver altar of Zin.
  7494 | D:8      | Found a shimmering altar of Xom.
  7498 | D:8      | Found an ancient bone altar of Kikubaaqudgha.
  7498 | D:8      | Found an opulent altar of Gozag.
  7500 | D:8      | Found a burning altar of Makhleb.
  7503 | D:8      | Found a shattered altar of Ashenzari.
  8095 | D:9      | Reached skill level 6 in Throwing
  8095 | D:9      | Reached skill level 6 in Shields
  8165 | D:9      | Noticed Joseph
  8180 | D:9      | Killed Joseph
  8220 | D:9      | Reached skill level 6 in Invocations
  8292 | D:9      | Found a stormy altar of Qazlal.
  8312 | D:9      | Noticed a two-headed ogre
  8319 | D:9      | Killed a two-headed ogre
  8327 | D:9      | Found a sparkling altar of Nemelex Xobeh.
  8421 | D:9      | Reached XP level 11. HP: 82/91 MP: 19/19
  8789 | D:10     | Entered Level 10 of the Dungeon
  8978 | D:10     | Reached *** piety under the Shining One
  9241 | D:10     | Reached skill level 6 in Short Blades
  9241 | D:10     | Reached skill level 6 in Long Blades
  9241 | D:10     | Reached skill level 6 in Axes
  9241 | D:10     | Reached skill level 6 in Maces & Flails
  9241 | D:10     | Reached skill level 6 in Polearms
  9241 | D:10     | Reached skill level 6 in Slings
  9241 | D:10     | Reached skill level 6 in Bows
  9241 | D:10     | Reached skill level 6 in Crossbows
  9241 | D:10     | Reached skill level 6 in Armour
  9241 | D:10     | Reached skill level 6 in Dodging
  9241 | D:10     | Reached skill level 6 in Stealth
  9241 | D:10     | Reached skill level 6 in Unarmed Combat
  9241 | D:10     | Reached skill level 6 in Spellcasting
  9241 | D:10     | Reached skill level 6 in Evocations
  9405 | D:10     | Reached skill level 5 in Conjurations
  9405 | D:10     | Reached skill level 5 in Hexes
  9405 | D:10     | Reached skill level 5 in Charms
  9405 | D:10     | Reached skill level 5 in Summonings
  9405 | D:10     | Reached skill level 5 in Necromancy
  9405 | D:10     | Reached skill level 5 in Translocations
  9405 | D:10     | Reached skill level 5 in Transmutations
  9405 | D:10     | Reached skill level 5 in Fire Magic
  9405 | D:10     | Reached skill level 5 in Ice Magic
  9405 | D:10     | Reached skill level 5 in Air Magic
  9405 | D:10     | Reached skill level 5 in Earth Magic
  9405 | D:10     | Reached skill level 5 in Poison Magic
  9427 | D:10     | Noticed a two-headed ogre
  9431 | D:10     | Killed a two-headed ogre
  9576 | D:10     | Noticed Grum
  9586 | D:10     | Killed Grum
  9819 | D:10     | Paralysed by a hornet for 3 turns
  9821 | D:10     | HP: 15/92 [hornet (15)]
  9825 | D:10     | HP: 7/92 [hornet (9)]
 10551 | D:11     | Reached skill level 7 in Invocations
 10619 | D:11     | Found Fimpirghu's Book Emporium.
 10621 | D:11     | Found a staircase to the Lair.
 10839 | D:11     | Noticed a two-headed ogre
 10851 | D:11     | Killed a two-headed ogre
 10851 | D:11     | Reached skill level 7 in Throwing
 10851 | D:11     | Reached skill level 7 in Shields
 10914 | D:11     | Noticed an unseen horror
 10919 | D:11     | Killed an unseen horror
 11545 | Lair:1   | Entered Level 1 of the Lair of Beasts
 11593 | Lair:1   | Got a shimmering brass amulet
 11595 | Lair:1   | Identified the amulet of Hal Ceki {Gourm *Corrode rN++ Dex+4} (You found it on level 1 of the Lair of Beasts)
 11677 | Lair:1   | Reached **** piety under the Shining One
 11685 | Lair:1   | Reached XP level 12. HP: 56/99 MP: 22/22
 12415 | Lair:2   | Found a staircase to the Swamp.
 12450 | Lair:2   | Reached skill level 7 in Short Blades
 12450 | Lair:2   | Reached skill level 7 in Long Blades
 12450 | Lair:2   | Reached skill level 7 in Axes
 12450 | Lair:2   | Reached skill level 7 in Maces & Flails
 12450 | Lair:2   | Reached skill level 7 in Polearms
 12450 | Lair:2   | Reached skill level 7 in Slings
 12450 | Lair:2   | Reached skill level 7 in Bows
 12450 | Lair:2   | Reached skill level 7 in Crossbows
 12450 | Lair:2   | Reached skill level 7 in Armour
 12450 | Lair:2   | Reached skill level 7 in Dodging
 12450 | Lair:2   | Reached skill level 7 in Stealth
 12450 | Lair:2   | Reached skill level 7 in Unarmed Combat
 12450 | Lair:2   | Reached skill level 7 in Spellcasting
 12450 | Lair:2   | Reached skill level 7 in Evocations
 12467 | Lair:2   | Found a hole to the Spider Nest.
 12797 | Lair:2   | Reached skill level 11 in Fighting
 12797 | Lair:2   | Reached skill level 11 in Staves
 12898 | Lair:2   | Reached skill level 6 in Conjurations
 12898 | Lair:2   | Reached skill level 6 in Hexes
 12898 | Lair:2   | Reached skill level 6 in Charms
 12898 | Lair:2   | Reached skill level 6 in Summonings
 12898 | Lair:2   | Reached skill level 6 in Necromancy
 12898 | Lair:2   | Reached skill level 6 in Translocations
 12898 | Lair:2   | Reached skill level 6 in Transmutations
 12898 | Lair:2   | Reached skill level 6 in Fire Magic
 12898 | Lair:2   | Reached skill level 6 in Ice Magic
 12898 | Lair:2   | Reached skill level 6 in Air Magic
 12898 | Lair:2   | Reached skill level 6 in Earth Magic
 12898 | Lair:2   | Reached skill level 6 in Poison Magic
 12914 | Lair:2   | Reached skill level 8 in Invocations
 13486 | Lair:2   | Found a snail-covered altar of Cheibriados.
 13789 | Lair:2   | Reached skill level 8 in Throwing
 13789 | Lair:2   | Reached skill level 8 in Shields
 14236 | Lair:3   | Reached XP level 13. HP: 48/106 MP: 24/24
 14261 | Lair:3   | HP: 26/106 [spiny frog (10)]
 14266 | Lair:3   | HP: 9/106 [spiny frog (18)]
 14275 | Lair:3   | HP: 22/106 [blink frog (13)]
 14281 | Lair:3   | HP: 13/106 [blink frog (11)]
 14286 | Lair:3   | HP: 18/159 [blink frog (1)]
 14324 | Lair:3   | HP: 20/106 [spiny frog (1)]
 14723 | Lair:3   | HP: 26/106 [seven-headed hydra (5)]
 14726 | Lair:3   | Reached skill level 8 in Short Blades
 14726 | Lair:3   | Reached skill level 8 in Long Blades
 14726 | Lair:3   | Reached skill level 8 in Axes
 14726 | Lair:3   | Reached skill level 8 in Maces & Flails
 14726 | Lair:3   | Reached skill level 8 in Polearms
 14726 | Lair:3   | Reached skill level 8 in Slings
 14726 | Lair:3   | Reached skill level 8 in Bows
 14726 | Lair:3   | Reached skill level 8 in Crossbows
 14726 | Lair:3   | Reached skill level 8 in Armour
 14726 | Lair:3   | Reached skill level 8 in Dodging
 14726 | Lair:3   | Reached skill level 8 in Stealth
 14726 | Lair:3   | Reached skill level 8 in Unarmed Combat
 14726 | Lair:3   | Reached skill level 8 in Spellcasting
 14726 | Lair:3   | Reached skill level 8 in Evocations
 15792 | Lair:4   | Reached skill level 9 in Invocations
 16048 | Lair:4   | Noticed Snorg
 16056 | Lair:4   | HP: 23/106 [Snorg (28)]
 16806 | Lair:4   | Killed Snorg
 16934 | Lair:5   | Found a staircase to the Slime Pits.
 16965 | Lair:5   | Reached skill level 7 in Conjurations
 16965 | Lair:5   | Reached skill level 7 in Hexes
 16965 | Lair:5   | Reached skill level 7 in Charms
 16965 | Lair:5   | Reached skill level 7 in Summonings
 16965 | Lair:5   | Reached skill level 7 in Necromancy
 16965 | Lair:5   | Reached skill level 7 in Translocations
 16965 | Lair:5   | Reached skill level 7 in Transmutations
 16965 | Lair:5   | Reached skill level 7 in Fire Magic
 16965 | Lair:5   | Reached skill level 7 in Ice Magic
 16965 | Lair:5   | Reached skill level 7 in Air Magic
 16965 | Lair:5   | Reached skill level 7 in Earth Magic
 16965 | Lair:5   | Reached skill level 7 in Poison Magic
 18127 | Lair:6   | Entered Level 6 of the Lair of Beasts
 18157 | Lair:6   | Reached skill level 9 in Throwing
 18157 | Lair:6   | Reached skill level 9 in Shields
 18180 | Lair:6   | HP: 24/107 [hippogriff (19)]
 18182 | Lair:6   | HP: 8/107 [hippogriff (10)]
 18188 | Lair:5   | HP: 7/107 [hippogriff (1)]
 18759 | Lair:6   | Reached XP level 14. HP: 114/114 MP: 23/26
 18783 | Lair:6   | Identified a scroll of acquirement
 18886 | Lair:6   | Reached skill level 12 in Fighting
 18886 | Lair:6   | Reached skill level 12 in Staves
 19701 | Lair:6   | Reached skill level 9 in Short Blades
 19701 | Lair:6   | Reached skill level 9 in Long Blades
 19701 | Lair:6   | Reached skill level 9 in Axes
 19701 | Lair:6   | Reached skill level 9 in Maces & Flails
 19701 | Lair:6   | Reached skill level 9 in Polearms
 19701 | Lair:6   | Reached skill level 9 in Slings
 19701 | Lair:6   | Reached skill level 9 in Bows
 19701 | Lair:6   | Reached skill level 9 in Crossbows
 19701 | Lair:6   | Reached skill level 9 in Armour
 19701 | Lair:6   | Reached skill level 9 in Dodging
 19701 | Lair:6   | Reached skill level 9 in Stealth
 19701 | Lair:6   | Reached skill level 9 in Unarmed Combat
 19701 | Lair:6   | Reached skill level 9 in Spellcasting
 19701 | Lair:6   | Reached skill level 9 in Evocations
 20665 | Lair:6   | Reached skill level 10 in Invocations
 20714 | Lair:6   | HP: 28/115 [poisoned by a black mamba]
 20719 | Lair:6   | HP: 27/115 [poisoned by a black mamba]
 20724 | Lair:6   | HP: 26/115 [poisoned by a black mamba]
 20731 | Lair:6   | HP: 26/115 [poisoned by a black mamba]
 20739 | Lair:6   | HP: 26/115 [poisoned by a black mamba]
 21005 | Lair:6   | Found the cursed necklace of Bloodlust {*Rage +Rage MR++ Int-3 Slay+6 *Curse}
 21027 | Lair:6   | Found a large runed door.
 21028 | Lair:6   | Found a large runed door.
 21999 | D:12     | Noticed Azrael
 22008 | D:12     | Killed Azrael
 22238 | D:12     | Found a staircase to the Orcish Mines.
 22577 | D:12     | HP: 26/115 [centaur warrior/arrow (27)]
 22978 | D:12     | Got a brightly glowing lead ring
 22979 | D:12     | Identified the ring of Vehumet's Pride {Wiz Str+3} (You found it on level 12 of the Dungeon)
 23206 | D:12     | Got a transparent plate armour
 23217 | D:12     | Identified the +10 plate armour of the Demons {rF+} (You found it on level 12 of the Dungeon)
 23292 | D:12     | Reached skill level 8 in Conjurations
 23292 | D:12     | Reached skill level 8 in Hexes
 23292 | D:12     | Reached skill level 8 in Charms
 23292 | D:12     | Reached skill level 8 in Summonings
 23292 | D:12     | Reached skill level 8 in Necromancy
 23292 | D:12     | Reached skill level 8 in Translocations
 23292 | D:12     | Reached skill level 8 in Transmutations
 23292 | D:12     | Reached skill level 8 in Fire Magic
 23292 | D:12     | Reached skill level 8 in Ice Magic
 23292 | D:12     | Reached skill level 8 in Air Magic
 23292 | D:12     | Reached skill level 8 in Earth Magic
 23292 | D:12     | Reached skill level 8 in Poison Magic
 23303 | D:12     | Reached XP level 15. HP: 112/122 MP: 28/28
 23639 | D:13     | Reached skill level 10 in Throwing
 23639 | D:13     | Reached skill level 10 in Shields
 23736 | D:13     | Reached ***** piety under the Shining One
 24786 | D:14     | Noticed Rupert
 24802 | D:14     | Killed Rupert
 25022 | D:14     | Found a gate to the Vaults.
 25208 | D:15     | Entered Level 15 of the Dungeon
 25726 | D:15     | Reached skill level 10 in Short Blades
 25726 | D:15     | Reached skill level 10 in Long Blades
 25726 | D:15     | Reached skill level 10 in Axes
 25726 | D:15     | Reached skill level 10 in Maces & Flails
 25726 | D:15     | Reached skill level 10 in Polearms
 25726 | D:15     | Reached skill level 10 in Slings
 25726 | D:15     | Reached skill level 10 in Bows
 25726 | D:15     | Reached skill level 10 in Crossbows
 25726 | D:15     | Reached skill level 10 in Armour
 25726 | D:15     | Reached skill level 10 in Dodging
 25726 | D:15     | Reached skill level 10 in Stealth
 25726 | D:15     | Reached skill level 10 in Unarmed Combat
 25726 | D:15     | Reached skill level 10 in Spellcasting
 25726 | D:15     | Reached skill level 10 in Evocations
 26072 | D:15     | Found a staircase to the Depths.
 26095 | D:15     | Reached skill level 11 in Invocations
 26285 | D:15     | Found a snail-covered altar of Cheibriados.
 26339 | D:15     | Reached ****** piety under the Shining One
 26978 | Orc:1    | Entered Level 1 of the Orcish Mines
 26995 | Orc:1    | Reached XP level 16. HP: 129/129 MP: 30/30
 27345 | Orc:1    | Found a dark tunnel.
 27357 | Volcano  | Entered a volcano
 27407 | Volcano  | Reached skill level 13 in Fighting
 27407 | Volcano  | Reached skill level 13 in Staves
 27513 | Volcano  | Found a burning altar of Makhleb.
 28399 | Orc:2    | Entered Level 2 of the Orcish Mines
 28401 | Orc:2    | Found a staircase to the Elven Halls.
 28888 | Orc:2    | Reached skill level 9 in Conjurations
 28888 | Orc:2    | Reached skill level 9 in Hexes
 28888 | Orc:2    | Reached skill level 9 in Charms
 28888 | Orc:2    | Reached skill level 9 in Summonings
 28888 | Orc:2    | Reached skill level 9 in Necromancy
 28888 | Orc:2    | Reached skill level 9 in Translocations
 28888 | Orc:2    | Reached skill level 9 in Transmutations
 28888 | Orc:2    | Reached skill level 9 in Fire Magic
 28888 | Orc:2    | Reached skill level 9 in Ice Magic
 28888 | Orc:2    | Reached skill level 9 in Air Magic
 28888 | Orc:2    | Reached skill level 9 in Earth Magic
 28888 | Orc:2    | Reached skill level 9 in Poison Magic
 29044 | Orc:2    | Found Loteh's Antique Weapon Emporium.
 29045 | Orc:2    | Found a roughly hewn altar of Beogh.
 29049 | Orc:2    | Found Hinkoi's Antique Armour Shoppe.
 29207 | Orc:2    | Found a roughly hewn altar of Beogh.
 29233 | Orc:2    | Found a roughly hewn altar of Beogh.
 29344 | Orc:2    | Found a roughly hewn altar of Beogh.
 29496 | Orc:2    | Found a roughly hewn altar of Beogh.
 29522 | Orc:2    | Found a roughly hewn altar of Beogh.
 29530 | Orc:2    | Reached skill level 11 in Throwing
 29530 | Orc:2    | Reached skill level 11 in Shields
 29567 | Orc:2    | Found Wumeaham's General Store.
 29661 | Orc:2    | Found a roughly hewn altar of Beogh.
 29662 | Orc:2    | Found Plog's Antique Weapon Shop.
 29695 | Orc:2    | Bought a glowing quarterstaff for 175 gold pieces
 29731 | Elf:1    | Entered Level 1 of the Elven Halls
 29907 | Elf:1    | Noticed Kirke
 29931 | Elf:1    | Killed Kirke
 30124 | Elf:1    | Identified the Handbook of Combat Magic
 30129 | Elf:1    | Learned a level 2 spell: Shroud of Golubria
 30269 | Elf:1    | Found a runed door.
 30399 | Elf:1    | Reached skill level 11 in Short Blades
 30399 | Elf:1    | Reached skill level 11 in Long Blades
 30399 | Elf:1    | Reached skill level 11 in Axes
 30399 | Elf:1    | Reached skill level 11 in Maces & Flails
 30399 | Elf:1    | Reached skill level 11 in Polearms
 30399 | Elf:1    | Reached skill level 11 in Slings
 30399 | Elf:1    | Reached skill level 11 in Bows
 30399 | Elf:1    | Reached skill level 11 in Crossbows
 30399 | Elf:1    | Reached skill level 11 in Armour
 30399 | Elf:1    | Reached skill level 11 in Dodging
 30399 | Elf:1    | Reached skill level 11 in Stealth
 30399 | Elf:1    | Reached skill level 11 in Unarmed Combat
 30399 | Elf:1    | Reached skill level 11 in Spellcasting
 30399 | Elf:1    | Reached skill level 11 in Evocations
 30687 | Elf:1    | Reached XP level 17. HP: 93/137 MP: 32/32
 31113 | Elf:1    | Reached skill level 12 in Invocations
 31787 | Elf:2    | Found a runed gate.
 31787 | Elf:2    | Found a runed gate.
 31791 | Elf:2    | Found a runed gate.
 32214 | Elf:2    | Cast into level 2 of the Abyss (hand axe of distortion)
 32262 | Elf:2    | Escaped the Abyss
 32727 | Elf:2    | Noticed a deep elf blademaster
 32748 | Elf:2    | Killed a deep elf blademaster
 32824 | Elf:2    | Cast into level 3 of the Abyss (lajatang of distortion)
 33057 | Abyss:3  | Noticed a tentacled starspawn
 33102 | Abyss:3  | Killed a tentacled starspawn
 33292 | Abyss:3  | Noticed a lich
 33303 | Abyss:3  | Killed a lich
 33306 | Abyss:3  | Noticed a tentacled monstrosity
 33317 | Abyss:3  | Killed a tentacled monstrosity
 33469 | Abyss:3  | Noticed a tentacled starspawn
 33477 | Abyss:3  | Killed a tentacled starspawn
 33477 | Abyss:3  | Reached skill level 10 in Conjurations
 33477 | Abyss:3  | Reached skill level 10 in Hexes
 33477 | Abyss:3  | Reached skill level 10 in Charms
 33477 | Abyss:3  | Reached skill level 10 in Summonings
 33477 | Abyss:3  | Reached skill level 10 in Necromancy
 33477 | Abyss:3  | Reached skill level 10 in Translocations
 33477 | Abyss:3  | Reached skill level 10 in Transmutations
 33477 | Abyss:3  | Reached skill level 10 in Fire Magic
 33477 | Abyss:3  | Reached skill level 10 in Ice Magic
 33477 | Abyss:3  | Reached skill level 10 in Air Magic
 33477 | Abyss:3  | Reached skill level 10 in Earth Magic
 33477 | Abyss:3  | Reached skill level 10 in Poison Magic
 33484 | Elf:2    | Escaped the Abyss
 33755 | Elf:2    | Learned a level 1 spell: Summon Butterflies
 33758 | Elf:2    | Learned a level 2 spell: Blink
 33763 | Elf:2    | Learned a level 4 spell: Passage of Golubria
 33800 | Elf:3    | Entered Level 3 of the Elven Halls
 33804 | Elf:3    | Reached XP level 18. HP: 145/145 MP: 33/33
 33844 | Elf:3    | Reached skill level 14 in Fighting
 33844 | Elf:3    | Reached skill level 14 in Staves
 33844 | Elf:3    | Reached skill level 12 in Throwing
 33844 | Elf:3    | Reached skill level 12 in Shields
 34565 | Elf:3    | Noticed Nikola
 34582 | Elf:3    | Killed Nikola
 34938 | Elf:3    | Reached skill level 12 in Short Blades
 34938 | Elf:3    | Reached skill level 12 in Long Blades
 34938 | Elf:3    | Reached skill level 12 in Axes
 34938 | Elf:3    | Reached skill level 12 in Maces & Flails
 34938 | Elf:3    | Reached skill level 12 in Polearms
 34938 | Elf:3    | Reached skill level 12 in Slings
 34938 | Elf:3    | Reached skill level 12 in Bows
 34938 | Elf:3    | Reached skill level 12 in Crossbows
 34938 | Elf:3    | Reached skill level 12 in Armour
 34938 | Elf:3    | Reached skill level 12 in Dodging
 34938 | Elf:3    | Reached skill level 12 in Stealth
 34938 | Elf:3    | Reached skill level 12 in Unarmed Combat
 34938 | Elf:3    | Reached skill level 12 in Spellcasting
 34938 | Elf:3    | Reached skill level 12 in Evocations
 34969 | Elf:3    | Reached skill level 13 in Invocations
 35062 | Elf:3    | Noticed a deep elf blademaster
 35062 | Elf:3    | Noticed a deep elf master archer
 35073 | Elf:3    | Killed a deep elf blademaster
 35079 | Elf:3    | HP: 35/146 [deep elf master archer/arrow (16)]
 35080 | Elf:3    | Killed a deep elf master archer
 35542 | Elf:3    | Noticed a deep elf blademaster
 35543 | Elf:3    | Noticed a deep elf master archer
 35557 | Elf:3    | Killed a deep elf blademaster
 35560 | Elf:3    | Killed a deep elf master archer
 35568 | Elf:3    | Killed a ghostly deep elf blademaster
 35610 | Elf:3    | Learned a level 1 spell: Apportation
 35614 | Elf:3    | Learned a level 3 spell: Portal Projectile
 35956 | Elf:3    | Got a crystal war axe
 35957 | Elf:3    | Identified the +1 war axe "Ahiyh" {holy, rPois MR+} (You found it on level 3 of the Elven Halls)
 36221 | Spider:1 | Entered Level 1 of the Spider Nest
 36358 | Spider:1 | Noticed Agnes
 36367 | Spider:1 | Killed Agnes
 36620 | Spider:1 | Noticed Donald
 36628 | Spider:1 | Killed Donald
 37533 | Spider:2 | Noticed Arachne
 37911 | Spider:2 | Reached XP level 19. HP: 143/153 MP: 31/35
 37922 | Spider:2 | Killed Arachne
 38035 | Spider:2 | Noticed Asterion
 38457 | Spider:1 | Identified a +3 lajatang of holy wrath (a +1 lajatang of venom blessed by the Shining One)
 38457 | Spider:1 | Received a gift from the Shining One
 38849 | Spider:2 | Killed Asterion
 39674 | Spider:4 | Entered Level 4 of the Spider Nest
 39879 | Spider:4 | Noticed Roxanne
 39909 | Spider:4 | Killed Roxanne
 39918 | Spider:4 | Identified Roxanne's Almanac of Clay (You took it off Roxanne on level 4 of the Spider Nest)
 40723 | Spider:4 | Reached skill level 13 in Throwing
 40723 | Spider:4 | Reached skill level 13 in Shields
 41000 | Spider:4 | Reached skill level 11 in Conjurations
 41000 | Spider:4 | Reached skill level 11 in Hexes
 41000 | Spider:4 | Reached skill level 11 in Charms
 41000 | Spider:4 | Reached skill level 11 in Summonings
 41000 | Spider:4 | Reached skill level 11 in Necromancy
 41000 | Spider:4 | Reached skill level 11 in Translocations
 41000 | Spider:4 | Reached skill level 11 in Transmutations
 41000 | Spider:4 | Reached skill level 11 in Fire Magic
 41000 | Spider:4 | Reached skill level 11 in Ice Magic
 41000 | Spider:4 | Reached skill level 11 in Air Magic
 41000 | Spider:4 | Reached skill level 11 in Earth Magic
 41000 | Spider:4 | Reached skill level 11 in Poison Magic
 41002 | Spider:4 | Got a gossamer rune of Zot
 41211 | Swamp:1  | Entered Level 1 of the Swamp
 41445 | Swamp:1  | Identified the cursed +1 robe of Hangman {Int+4} (You found it on level 1 of the Swamp)
 42393 | Orc:2    | Bought a ration for 75 gold pieces
 43488 | Swamp:2  | Identified the +3 chain mail of Gozag's Favour {rF+} (You found it on level 2 of the Swamp)
 44026 | Swamp:3  | Reached XP level 20. HP: 105/161 MP: 36/36
 44078 | Swamp:3  | Reached skill level 15 in Fighting
 44078 | Swamp:3  | Reached skill level 15 in Staves
 44078 | Swamp:3  | Reached skill level 14 in Invocations
 44090 | Swamp:3  | Reached skill level 13 in Short Blades
 44090 | Swamp:3  | Reached skill level 13 in Long Blades
 44090 | Swamp:3  | Reached skill level 13 in Axes
 44090 | Swamp:3  | Reached skill level 13 in Maces & Flails
 44090 | Swamp:3  | Reached skill level 13 in Polearms
 44090 | Swamp:3  | Reached skill level 13 in Slings
 44090 | Swamp:3  | Reached skill level 13 in Bows
 44090 | Swamp:3  | Reached skill level 13 in Crossbows
 44090 | Swamp:3  | Reached skill level 13 in Armour
 44090 | Swamp:3  | Reached skill level 13 in Dodging
 44090 | Swamp:3  | Reached skill level 13 in Stealth
 44090 | Swamp:3  | Reached skill level 13 in Unarmed Combat
 44090 | Swamp:3  | Reached skill level 13 in Spellcasting
 44090 | Swamp:3  | Reached skill level 13 in Evocations
 44917 | Swamp:4  | Entered Level 4 of the Swamp
 45573 | Swamp:4  | Noticed a bone dragon
 45581 | Swamp:4  | Killed a bone dragon
 45588 | Swamp:4  | Got a decaying rune of Zot
 45934 | Vaults:1 | Entered Level 1 of the Vaults
 46221 | Vaults:1 | HP: 39/162 [yaktaur[a yaktaur captain] (12)]
 46875 | Vaults:1 | Found a glowing golden altar of the Shining One.
 47508 | Vaults:2 | Found Cuargh's Gadget Boutique.
 47510 | Vaults:2 | Was placed under penance by the Shining One
 47556 | Vaults:2 | Reached XP level 21. HP: 169/169 MP: 38/38
 47947 | Vaults:2 | Was forgiven by the Shining One
 48442 | Vaults:2 | Found Puagrebi's Weapon Emporium.
 48451 | Vaults:2 | Bought the +7 great mace "Undeadhunter" {disrupt, rN+} for 527 gold pieces
 48451 | Vaults:2 | Found the +7 great mace "Undeadhunter" {disrupt, rN+}
 48465 | Vaults:2 | Reached skill level 14 in Throwing
 48465 | Vaults:2 | Reached skill level 14 in Shields
 48478 | Vaults:2 | HP: 30/169 [stone giant (23)]
 48916 | Vaults:2 | Found Ruci's Distillery.
 48923 | Vaults:2 | Bought a potion of resistance for 170 gold pieces
 48923 | Vaults:2 | Bought a potion of agility for 68 gold pieces
 48923 | Vaults:2 | Bought a potion of resistance for 170 gold pieces
 48923 | Vaults:2 | Bought a potion of cancellation for 136 gold pieces
 48923 | Vaults:2 | Bought a potion of might for 68 gold pieces
 48923 | Vaults:2 | Bought a potion of cancellation for 136 gold pieces
 48923 | Vaults:2 | Bought 2 potions of heal wounds for 170 gold pieces
 48923 | Vaults:2 | Bought a potion of haste for 170 gold pieces
 49192 | Vaults:2 | Found Leydor's General Store.
 49194 | Vaults:2 | Found a portal to a secret trove of treasure.
 49304 | Vaults:2 | Found a staircase to the Crypt.
 49750 | Vaults:3 | Reached skill level 15 in Invocations
 49754 | Vaults:3 | Reached skill level 12 in Conjurations
 49754 | Vaults:3 | Reached skill level 12 in Hexes
 49754 | Vaults:3 | Reached skill level 12 in Charms
 49754 | Vaults:3 | Reached skill level 12 in Summonings
 49754 | Vaults:3 | Reached skill level 12 in Necromancy
 49754 | Vaults:3 | Reached skill level 12 in Translocations
 49754 | Vaults:3 | Reached skill level 12 in Transmutations
 49754 | Vaults:3 | Reached skill level 12 in Fire Magic
 49754 | Vaults:3 | Reached skill level 12 in Ice Magic
 49754 | Vaults:3 | Reached skill level 12 in Air Magic
 49754 | Vaults:3 | Reached skill level 12 in Earth Magic
 49754 | Vaults:3 | Reached skill level 12 in Poison Magic
 50012 | Vaults:3 | Reached skill level 14 in Short Blades
 50012 | Vaults:3 | Reached skill level 14 in Long Blades
 50012 | Vaults:3 | Reached skill level 14 in Axes
 50012 | Vaults:3 | Reached skill level 14 in Maces & Flails
 50012 | Vaults:3 | Reached skill level 14 in Polearms
 50012 | Vaults:3 | Reached skill level 14 in Slings
 50012 | Vaults:3 | Reached skill level 14 in Bows
 50012 | Vaults:3 | Reached skill level 14 in Crossbows
 50012 | Vaults:3 | Reached skill level 14 in Armour
 50012 | Vaults:3 | Reached skill level 14 in Dodging
 50012 | Vaults:3 | Reached skill level 14 in Stealth
 50012 | Vaults:3 | Reached skill level 14 in Unarmed Combat
 50012 | Vaults:3 | Reached skill level 14 in Spellcasting
 50012 | Vaults:3 | Reached skill level 14 in Evocations
 50533 | Vaults:3 | Found Sosuc's Jewellery Shop.
 50534 | Vaults:3 | Found Zoemaozu's Book Shoppe.
 50734 | Vaults:3 | Found a roughly hewn altar of Beogh.
 50761 | Vaults:3 | Reached XP level 22. HP: 127/177 MP: 40/40
 51077 | Vaults:3 | Found Guntir's Antique Armour Boutique.
 51083 | Vaults:3 | Bought a distressingly furry chain mail for 332 gold pieces
 51083 | Vaults:3 | Identified the +2 chain mail of the Arcane {rElec Dex+2 Stlth+} (You bought it in a shop on level 3 of the Vaults)
 51361 | Vaults:3 | Reached skill level 16 in Fighting
 51361 | Vaults:3 | Reached skill level 16 in Staves
 52289 | Vaults:4 | HP: 32/178 [deep elf mage/bolt of lightning[an ironheart preserver] (17)]
 52901 | Vaults:4 | Identified the +1 chain mail of the Depths {rN+} (You found it on level 4 of the Vaults)
 52911 | Vaults:4 | Learned a level 5 spell: Silence
 52918 | Vaults:4 | Learned a level 6 spell: Deflect Missiles
 54267 | Vaults:5 | Entered Level 5 of the Vaults
 54319 | Vaults:5 | Reached XP level 23. HP: 100/185 MP: 39/41
 54599 | Vaults:5 | Reached skill level 15 in Throwing
 54599 | Vaults:5 | Reached skill level 15 in Shields
 54933 | Vaults:5 | Reached skill level 16 in Invocations
 54935 | Vaults:5 | Noticed a golden dragon
 54949 | Vaults:5 | Killed a golden dragon
 55186 | Vaults:5 | Noticed an ancient lich
 55195 | Vaults:5 | Killed an ancient lich
 55268 | Vaults:5 | Reached skill level 15 in Short Blades
 55268 | Vaults:5 | Reached skill level 15 in Long Blades
 55268 | Vaults:5 | Reached skill level 15 in Axes
 55268 | Vaults:5 | Reached skill level 15 in Maces & Flails
 55268 | Vaults:5 | Reached skill level 15 in Polearms
 55268 | Vaults:5 | Reached skill level 15 in Slings
 55268 | Vaults:5 | Reached skill level 15 in Bows
 55268 | Vaults:5 | Reached skill level 15 in Crossbows
 55268 | Vaults:5 | Reached skill level 15 in Armour
 55268 | Vaults:5 | Reached skill level 15 in Dodging
 55268 | Vaults:5 | Reached skill level 15 in Stealth
 55268 | Vaults:5 | Reached skill level 15 in Unarmed Combat
 55268 | Vaults:5 | Reached skill level 15 in Spellcasting
 55268 | Vaults:5 | Reached skill level 15 in Evocations
 55348 | Vaults:5 | Found Dyigy's Weapon Shoppe.
 55397 | Vaults:5 | Noticed a golden dragon
 55472 | Vaults:5 | HP: 44/186 [golden dragon/bolt of cold (27)]
 55475 | Vaults:5 | Killed a golden dragon
 55475 | Vaults:5 | HP: 19/186 [frost giant/bolt of cold (26)]
 55481 | Vaults:5 | Got a polished leather armour
 55491 | Vaults:5 | HP: 28/186 [ogre mage/bolt of lightning[an ironheart preserver] (2)]
 55633 | Vaults:5 | Reached skill level 13 in Conjurations
 55633 | Vaults:5 | Reached skill level 13 in Hexes
 55633 | Vaults:5 | Reached skill level 13 in Charms
 55633 | Vaults:5 | Reached skill level 13 in Summonings
 55633 | Vaults:5 | Reached skill level 13 in Necromancy
 55633 | Vaults:5 | Reached skill level 13 in Translocations
 55633 | Vaults:5 | Reached skill level 13 in Transmutations
 55633 | Vaults:5 | Reached skill level 13 in Fire Magic
 55633 | Vaults:5 | Reached skill level 13 in Ice Magic
 55633 | Vaults:5 | Reached skill level 13 in Air Magic
 55633 | Vaults:5 | Reached skill level 13 in Earth Magic
 55633 | Vaults:5 | Reached skill level 13 in Poison Magic
 55686 | Vaults:5 | HP: 45/186 [frost giant/bardiche of chopping (2)]
 55691 | Vaults:5 | HP: 26/186 [poisoned by a yaktaur]
 55698 | Vaults:5 | HP: 27/186 [poisoned by a yaktaur]
 55703 | Vaults:5 | HP: 23/186 [deep troll (4)]
 56241 | Vaults:5 | Got a silken robe
 56249 | Vaults:5 | Got a translucent jade ring
 56255 | Vaults:5 | Identified the ring of Koupiti {rPois rF- AC+3 Str+4 Stlth+} (You took it off a frost giant on level 5 of the Vaults)
 56735 | Vaults:5 | Found the +8 longbow "Zephyr" {speed, Dex+3 SInv}
 56796 | Vaults:5 | Reached XP level 24. HP: 193/193 MP: 36/42
 56893 | Vaults:5 | Got a silver rune of Zot
 57432 | Vaults:5 | Identified the Tome of the Voyage and Confrontation
 58157 | Vaults:2 | Bought 22 arrows for 44 gold pieces
 58591 | Depths:1 | Entered Level 1 of the Depths
 58696 | Depths:1 | Reached skill level 17 in Fighting
 58696 | Depths:1 | Reached skill level 17 in Staves
 58937 | Depths:1 | Found a gateway to Hell.
 59194 | Depths:1 | Found a one-way gate leading to the halls of Pandemonium.
 59338 | Depths:1 | Noticed an ancient lich
 59345 | Depths:1 | Killed an ancient lich
 59347 | Depths:1 | Found a gateway to a ziggurat.
 59349 | Depths:1 | Noticed an ancient lich
 59358 | Depths:1 | Killed an ancient lich
 61651 | Depths:3 | Found an ancient bone altar of Kikubaaqudgha.
 61773 | Depths:3 | Reached skill level 17 in Invocations
 61836 | Depths:3 | Found a sacrificial altar of Ru.
 61836 | Depths:3 | Found a one-way gate to the infinite horrors of the Abyss.
 61944 | Depths:3 | Reached skill level 16 in Throwing
 61944 | Depths:3 | Reached skill level 16 in Shields
 61948 | Depths:3 | Reached XP level 25. HP: 202/202 MP: 42/42
 61961 | Depths:3 | Noticed a juggernaut
 61971 | Depths:3 | Killed a juggernaut
 62211 | Depths:3 | HP: 35/202 [storm dragon/bolt of lightning (18)]
 62213 | Depths:3 | Killed from afar by a storm dragon

Vault maps used:
D:1:      lordsloth_arrival_two_stooges
D:2:      nicolae_tso_swordbearing_angel, first_ration, uniq_jessica,
          uniq_natasha
D:3:      nicolae_ru_great_annihilating_truth, serial_co_window_serial,
          co_window_paths_a, co_window_corner_a, co_window_of_opportunity_a,
          co_window_corner_a, co_window_of_opportunity_a, co_window_corner_b,
          co_window_of_opportunity_b, co_window_paths_c,
          co_window_unsneaky_path_e, co_window_paths_c, portal_sewer_entry_f,
          serial_park_tiny_pond, st_stairs_7, minmay_unequal, uniq_terence,
          uniq_robin
D:4:      minmay_temple_entry_poolview, serial_shops, shop
D:5:      nicolae_overflow_crystal_walls, kennysheep_small_square
D:6:      kennysheep_mini_moat
D:7:      kennysheep_housing_project, minivault_24, grunt_livestock
D:8:      eat_drink_and_be_merry_uskayaw, zin_statuary, minitemple
D:9:      nemelex_xobeh_ov_fountains_minmay, lemuel_round_altar,
          grunt_tough_drop, uniq_joseph
D:10:     hangedman_misty_isle, uniq_grum
D:11:     lair_entry_dummy, serial_shops, nicolae_shop_stone
D:12:     kennysheep_four_of_diamonds, uniq_azrael
D:13:     erik_rubicon_b
D:14:     erik_vaults_1, amethyst_killhole, hangedman_abyss_or_decor_stabs,
          minivault_16, uniq_rupert
D:15:     gammafunk_depths_entry_grave, nrook_uturn, basic_altar
Lair:2:   minmay_swamp_entry_swarm, nicolae_spider_entry_tight_spaces,
          nicolae_quartered_pool_little, kennysheep_snail_temple
Lair:3:   beast_lair_carwin_10
Lair:4:   uniq_snorg
Lair:5:   minmay_slime_entry_eyes, serial_bayou_pond_c, serial_bayou_shore_b,
          grunt_megastairs_3
Lair:6:   cheibrodos_lair_end_hotspot
Swamp:1:  evilmike_swamp_ruin_house_4
Swamp:2:  serial_swamp_ruin, evilmike_swamp_ruin_house_2,
          evilmike_swamp_ruin_rubble_1, nicolae_swamp_stair_fork
Swamp:3:  hangedman_swamp_pad
Swamp:4:  swamp_pestilence
Spider:1: uniq_agnes, uniq_donald
Spider:2: nicolae_spider_webbed_stairs, uniq_arachne, uniq_asterion
Spider:3: nicolae_spider_mines_3
Spider:4: grunt_spider_rune_circles, spider_trap, uniq_roxanne
Orc:1:    nicolae_volcano_entry_batcave, nicolae_orc_lava_tube
Orc:2:    grunt_orc_community_town_hall, grunt_orc_community_big_house_1,
          grunt_orc_community_big_house_1, grunt_orc_community_house_1,
          grunt_orc_community_house_3, grunt_orc_community_house_2,
          grunt_orc_community_house_3, grunt_orc_community_house_2,
          special_room, elf_legates
Elf:1:    elf_arrival_002, minmay_elf_annihilation, minmay_misc_feat_cross,
          minivault_13, uniq_kirke
Elf:2:    eino_tiny_chamber, minivault_25
Elf:3:    elf_hall_gauntlet_wide, uniq_nikola
Vaults:1: v_misc_25, ontoclasm_vaults_gateway, vaults_room_stairs_pillars,
          hangedman_vaults_stream, v_misc_4, vaults_room_door_ring,
          hangedman_vaults_slice, hangedman_vaults_maws, vaults_room_corners,
          nicolae_vaults_three_branches, ontoclasm_vaults_shuriken, v_misc_8,
          vaults_room_guarded_vault, basic_altar
Vaults:2: nicolae_vaults_network_barrier, v_misc_29, ontoclasm_vaults_fault,
          v_misc_29, v_misc_29, ontoclasm_vaults_pinch,
          hangedman_vaults_stretched_pinwheel, hangedman_vaults_slice,
          st_spiral_rooms, vaults_room_door_hall, vaults_dpeg_doors,
          minmay_crypt_entry_simple_walls, ontoclasm_vaults_claustrophobia,
          enter_trove_1, serial_shops, nicolae_shop_waterfront,
          nicolae_shop_waterfront, shop, nicolae_shop_crystal
Vaults:3: nicolae_vaults_twisting_passages,
          vaults_standard_mumra_enter_the_diamond, nicolae_vaults_network_star,
          vaults_room_corners, nicolae_vaults_windows_and_doors_thing,
          nicolae_vaults_little_squares_4, hangedman_vaults_corner_blocks,
          nicolae_vaults_yaktaur_gun_rack, nicolae_vaults_little_squares_4,
          special_room_vaults, hangedman_vaults_stretched_pinwheel,
          serial_shops, shop_statue, nicolae_shop_behind_doors, shop
Vaults:4: grunt_vaults_focal, hangedman_vaults_slither, vaults_room_fancy_cross,
          nicolae_vaults_know_your_exits, nicolae_vaults_asterisk,
          hangedman_vaults_corner, ontoclasm_vaults_ring_small,
          nicolae_vaults_border_crossing
Depths:1: enter_ziggurat_d, hell_entry, grunt_pan_entry_sceptre, moated_statue,
          kennysheep_boxes
Depths:2: minmay_dotted_concentric_squares, pf_hell_entry_tar_spiral,
          serial_sigils_hangedman_writhe, infiniplex_staircase_pool_2,
          serial_bayou_shore_a
Depths:3: grunt_profane_halls, hell_entry, serial_shops, pan_entry, abyss_entry
Abyss:3:  onia_ninara_dug_in_and_dangerous
Sewer:    kennysheep_pipe_town
Volcano:  volcano_lake

Skill      XL: |  1  2  3  4  5  6  7  8  9 10 11 12 13 14 15 16 17 18 19 20 21 22 23 24 |
---------------+-------------------------------------------------------------------------+-----
Short Blades   | 1 2 3 4 5 6 7 8 9 10 11 12 13 14 15 | 15.9
Long Blades    | 1 2 3 4 5 6 7 8 9 10 11 12 13 14 15 | 15.9
Axes           | 1 2 3 4 5 6 7 8 9 10 11 12 13 14 15 | 15.9
Maces & Flails | 1 2 3 4 5 6 7 8 9 10 11 12 13 14 15 | 15.9
Polearms       | 1 2 3 4 5 6 7 8 9 10 11 12 13 14 15 | 15.9
Slings         | 1 2 3 4 5 6 7 8 9 10 11 12 13 14 15 | 15.9
Bows           | 1 2 3 4 5 6 7 8 9 10 11 12 13 14 15 | 15.9
Crossbows      | 1 2 3 4 5 6 7 8 9 10 11 12 13 14 15 | 15.9
Armour         | 1 2 3 4 5 6 7 8 9 10 11 12 13 14 15 | 15.9
Dodging        | 1 2 3 4 5 6 7 8 9 10 11 12 13 14 15 | 15.9
Stealth        | 1 2 3 4 5 6 7 8 9 10 11 12 13 14 15 | 15.9
Unarmed Combat | 1 2 3 4 5 6 7 8 9 10 11 12 13 14 15 | 15.9
Spellcasting   | 1 2 3 4 5 6 7 8 9 10 11 12 13 14 15 | 15.9
Invocations    | 1 2 3 4 5 6 7 8 9 10 11 12 13 14 15 16 17 | 17.1
Evocations     | 1 2 3 4 5 6 7 8 9 10 11 12 13 14 15 | 15.9
Conjurations   | 1 2 3 4 5 6 7 8 9 10 11 12 13 | 13.7
Hexes          | 1 2 3 4 5 6 7 8 9 10 11 12 13 | 13.7
Charms         | 1 2 3 4 5 6 7 8 9 10 11 12 13 | 13.7
Summonings     | 1 2 3 4 5 6 7 8 9 10 11 12 13 | 13.7
Necromancy     | 1 2 3 4 5 6 7 8 9 10 11 12 13 | 13.7
Translocations | 1 2 3 4 5 6 7 8 9 10 11 12 13 | 13.7
Transmutations | 1 2 3 4 5 6 7 8 9 10 11 12 13 | 13.7
Fire Magic     | 1 2 3 4 5 6 7 8 9 10 11 12 13 | 13.7
Ice Magic      | 1 2 3 4 5 6 7 8 9 10 11 12 13 | 13.7
Air Magic      | 1 2 3 4 5 6 7 8 9 10 11 12 13 | 13.7
Earth Magic    | 1 2 3 4 5 6 7 8 9 10 11 12 13 | 13.7
Poison Magic   | 1 2 3 4 5 6 7 8 9 10 11 12 13 | 13.7
Throwing       | 3 4 5 6 7 8 9 10 11 12 13 14 15 16 | 16.1
Shields        | 3 4 5 6 7 8 9 10 11 12 13 14 15 16 | 16.1
Fighting       | 9 10 11 12 13 14 15 16 17 | 17.5
Staves         | 9 10 11 12 13 14 15 16 17 | 17.5

Action                   |  1- 3 |  4- 6 |  7- 9 | 10-12 | 13-15 | 16-18 | 19-21 | 22-24 | 25-27 || total
-------------------------+-------+-------+-------+-------+-------+-------+-------+-------+-------++-------
Melee: Quarterstaff      |    66 |   235 |   334 |   250 |   361 |   642 |       |       |       ||  1888
       Bite              |     5 |    18 |    54 |    38 |    47 |   104 |   165 |   112 |     7 ||   550
       Quick blade       |       |       |       |       |    11 |       |       |       |       ||    11
       Punch             |       |       |       |       |     2 |       |       |       |       ||     2
       Lajatang          |       |       |       |       |       |   127 |   945 |   670 |    31 ||  1773
       Great mace        |       |       |       |       |       |       |     9 |     4 |       ||    13
 Fire: Shortbow          |       |       |       |   483 |   882 |   510 |   198 |       |       ||  2073
       Arbalest          |       |       |       |       |       |       |   346 |   183 |       ||   529
       Longbow           |       |       |       |       |       |       |       |   359 |    53 ||   412
 Cast: Shroud of Golubri |       |       |       |       |       |     4 |     1 |     3 |       ||     8
       Passage of Golubr |       |       |       |       |       |       |     5 |       |       ||     5
       Portal Projectile |       |       |       |       |       |       |     4 |     4 |       ||     8
       Apportation       |       |       |       |       |       |       |     2 |       |       ||     2
       Summon Butterflie |       |       |       |       |       |       |     1 |       |     1 ||     2
       Deflect Missiles  |       |       |       |       |       |       |       |     7 |       ||     7
       Blink             |       |       |       |       |       |       |       |     2 |     1 ||     3
Invok: Divine Shield     |       |       |     2 |     9 |    10 |    15 |    17 |    22 |     2 ||    77
       Cleansing Flame   |       |       |       |     2 |     3 |     4 |     2 |     3 |       ||    14
       Summon Divine War |       |       |       |       |       |     3 |     3 |     3 |     1 ||    10
       Brand Weapon With |       |       |       |       |       |       |     1 |       |       ||     1
 Abil: Evoke Berserk Rag |       |       |       |     2 |    15 |    12 |     7 |     4 |     1 ||    41
Evoke: Wand              |       |       |       |     2 |     7 |     3 |     4 |     5 |       ||    21
       Lightning rod     |       |       |       |       |       |     4 |     3 |       |       ||     7
       Fan of gales      |       |       |       |       |       |       |     2 |       |       ||     2
       Phial of floods   |       |       |       |       |       |       |     6 |     3 |       ||     9
       Lamp of fire      |       |       |       |       |       |       |     4 |     2 |       ||     6
       Box of beasts     |       |       |       |       |       |       |     3 |     2 |       ||     5
       Sack of spiders   |       |       |       |       |       |       |     2 |       |       ||     2
  Use: Scroll            |     1 |       |    18 |     5 |    18 |    10 |    15 |    15 |     1 ||    83
       Potion            |       |     1 |       |     8 |    10 |     1 |     5 |    12 |     1 ||    38
 Stab: Sleeping          |       |     5 |       |       |       |       |       |       |       ||     5
  Eat: Chunk             |       |     5 |     2 |     4 |    22 |    15 |    19 |    16 |     2 ||    85
       Ration            |       |       |     3 |     7 |     9 |    11 |     9 |     8 |       ||    47
Armor: Robe              |    14 |    39 |     6 |       |       |       |       |       |       ||    59
       Skin              |       |     6 |       |    30 |     1 |       |       |       |       ||    37
       Leather armour    |       |       |    56 |    70 |    93 |       |       |       |       ||   219
       Plate armour      |       |       |       |       |    97 |   516 |   686 |   307 |     2 ||  1608
       Gold dragon scale |       |       |       |       |       |       |       |       |    99 ||    99
Dodge: Dodged            |    30 |   153 |   209 |   260 |   366 |   475 |   686 |   390 |    68 ||  2637
       Deflected         |       |       |       |       |       |       |       |    39 |    11 ||    50
Block: Other             |       |       |    27 |    59 |    56 |    61 |   199 |   172 |    35 ||   609
       Reflection        |       |       |     1 |     1 |       |       |       |       |       ||     2

Table legend:
 A = Spawn XP
 B = Non-spawn XP
 C = Spawn XP percentage of total XP
 D = Spawn monster count
 E = Non-spawn monster count
 F = Spawn count percentage of total count
 G = Total turns spent on level
                    A         B        C        D         E        F      G
               +---------+---------+-------+---------+---------+-------+---------
         Total |   13715 |  980596 |   1.4 |      30 |    2152 |   1.4 | 62213
               +---------+---------+-------+---------+---------+-------+---------
           D:1 |       0 |      28 |   0.0 |       0 |      17 |   0.0 |   651
           D:2 |       0 |     287 |   0.0 |       0 |      30 |   0.0 |  1162
           D:3 |       0 |     218 |   0.0 |       0 |      46 |   0.0 |   845
           D:4 |       0 |      26 |   0.0 |       0 |       6 |   0.0 |   626
           D:5 |       0 |     909 |   0.0 |       0 |      22 |   0.0 |   822
           D:6 |       0 |     497 |   0.0 |       0 |      15 |   0.0 |  1023
           D:7 |       0 |    3119 |   0.0 |       0 |      67 |   0.0 |  1324
           D:8 |       0 |    1509 |   0.0 |       0 |      24 |   0.0 |   990
           D:9 |       0 |    3247 |   0.0 |       0 |      30 |   0.0 |   842
          D:10 |       0 |    4405 |   0.0 |       0 |      39 |   0.0 |  1754
          D:11 |       0 |    3095 |   0.0 |       0 |      29 |   0.0 |  1459
          D:12 |       0 |   14118 |   0.0 |       0 |      65 |   0.0 |  1404
          D:13 |       0 |    6612 |   0.0 |       0 |      49 |   0.0 |  1676
          D:14 |       0 |    9108 |   0.0 |       0 |      17 |   0.0 |   720
          D:15 |       0 |   25532 |   0.0 |       0 |      61 |   0.0 |  1827
        Lair:1 |       0 |    3180 |   0.0 |       0 |      16 |   0.0 |  1064
        Lair:2 |       0 |    8654 |   0.0 |       0 |      37 |   0.0 |  1861
        Lair:3 |       0 |   11574 |   0.0 |       0 |      46 |   0.0 |  1619
        Lair:4 |       0 |    3634 |   0.0 |       0 |      15 |   0.0 |  1184
        Lair:5 |       0 |    5337 |   0.0 |       0 |      21 |   0.0 |  1835
        Lair:6 |       0 |   24426 |   0.0 |       0 |      79 |   0.0 |  3185
       Swamp:1 |       0 |   10110 |   0.0 |       0 |      28 |   0.0 |   607
       Swamp:2 |       0 |    7966 |   0.0 |       0 |      23 |   0.0 |   634
       Swamp:3 |       0 |   12427 |   0.0 |       0 |      39 |   0.0 |   942
       Swamp:4 |       0 |   29821 |   0.0 |       0 |      73 |   0.0 |   777
      Spider:1 |       0 |   11941 |   0.0 |       0 |      24 |   0.0 |  2384
      Spider:2 |       0 |   23203 |   0.0 |       0 |      56 |   0.0 |   702
      Spider:3 |       0 |    8333 |   0.0 |       0 |      24 |   0.0 |   644
      Spider:4 |       0 |   37328 |   0.0 |       0 |      77 |   0.0 |  1466
         Orc:1 |       0 |    6545 |   0.0 |       0 |      53 |   0.0 |  1059
         Orc:2 |       0 |   14184 |   0.0 |       0 |     109 |   0.0 |  1470
         Elf:1 |       0 |   32796 |   0.0 |       0 |      52 |   0.0 |  1791
         Elf:2 |       0 |   35803 |   0.0 |       0 |      49 |   0.0 |  1895
         Elf:3 |       0 |   54041 |   0.0 |       0 |      57 |   0.0 |  2488
      Vaults:1 |       0 |   49610 |   0.0 |       0 |      89 |   0.0 |  2147
      Vaults:2 |       0 |   57486 |   0.0 |       0 |      94 |   0.0 |  2804
      Vaults:3 |       0 |   60079 |   0.0 |       0 |     131 |   0.0 |  2360
      Vaults:4 |       0 |   78635 |   0.0 |       0 |     103 |   0.0 |  2161
      Vaults:5 |       0 |  153509 |   0.0 |       0 |     142 |   0.0 |  3418
      Depths:1 |       0 |   61351 |   0.0 |       0 |      65 |   0.0 |  1161
      Depths:2 |       0 |   35945 |   0.0 |       0 |      38 |   0.0 |  1136
      Depths:3 |       0 |   57868 |   0.0 |       0 |      57 |   0.0 |   711
       Abyss:3 |   13715 |    6713 |  67.1 |      30 |       3 |  90.9 |   660
         Sewer |       0 |     223 |   0.0 |       0 |      24 |   0.0 |   504
       Volcano |       0 |    5164 |   0.0 |       0 |      11 |   0.0 |   371
               +---------+---------+-------+---------+---------+-------+---------

Vault maps used:
D:1:      lordsloth_arrival_two_stooges
D:2:      nicolae_tso_swordbearing_angel, first_ration, uniq_jessica,
          uniq_natasha
D:3:      nicolae_ru_great_annihilating_truth, serial_co_window_serial,
          co_window_paths_a, co_window_corner_a, co_window_of_opportunity_a,
          co_window_corner_a, co_window_of_opportunity_a, co_window_corner_b,
          co_window_of_opportunity_b, co_window_paths_c,
          co_window_unsneaky_path_e, co_window_paths_c, portal_sewer_entry_f,
          serial_park_tiny_pond, st_stairs_7, minmay_unequal, uniq_terence,
          uniq_robin
D:4:      minmay_temple_entry_poolview, serial_shops, shop
D:5:      nicolae_overflow_crystal_walls, kennysheep_small_square
D:6:      kennysheep_mini_moat
D:7:      kennysheep_housing_project, minivault_24, grunt_livestock
D:8:      eat_drink_and_be_merry_uskayaw, zin_statuary, minitemple
D:9:      nemelex_xobeh_ov_fountains_minmay, lemuel_round_altar,
          grunt_tough_drop, uniq_joseph
D:10:     hangedman_misty_isle, uniq_grum
D:11:     lair_entry_dummy, serial_shops, nicolae_shop_stone
D:12:     kennysheep_four_of_diamonds, uniq_azrael
D:13:     erik_rubicon_b
D:14:     erik_vaults_1, amethyst_killhole, hangedman_abyss_or_decor_stabs,
          minivault_16, uniq_rupert
D:15:     gammafunk_depths_entry_grave, nrook_uturn, basic_altar
Lair:2:   minmay_swamp_entry_swarm, nicolae_spider_entry_tight_spaces,
          nicolae_quartered_pool_little, kennysheep_snail_temple
Lair:3:   beast_lair_carwin_10
Lair:4:   uniq_snorg
Lair:5:   minmay_slime_entry_eyes, serial_bayou_pond_c, serial_bayou_shore_b,
          grunt_megastairs_3
Lair:6:   cheibrodos_lair_end_hotspot
Swamp:1:  evilmike_swamp_ruin_house_4
Swamp:2:  serial_swamp_ruin, evilmike_swamp_ruin_house_2,
          evilmike_swamp_ruin_rubble_1, nicolae_swamp_stair_fork
Swamp:3:  hangedman_swamp_pad
Swamp:4:  swamp_pestilence
Spider:1: uniq_agnes, uniq_donald
Spider:2: nicolae_spider_webbed_stairs, uniq_arachne, uniq_asterion
Spider:3: nicolae_spider_mines_3
Spider:4: grunt_spider_rune_circles, spider_trap, uniq_roxanne
Orc:1:    nicolae_volcano_entry_batcave, nicolae_orc_lava_tube
Orc:2:    grunt_orc_community_town_hall, grunt_orc_community_big_house_1,
          grunt_orc_community_big_house_1, grunt_orc_community_house_1,
          grunt_orc_community_house_3, grunt_orc_community_house_2,
          grunt_orc_community_house_3, grunt_orc_community_house_2,
          special_room, elf_legates
Elf:1:    elf_arrival_002, minmay_elf_annihilation, minmay_misc_feat_cross,
          minivault_13, uniq_kirke
Elf:2:    eino_tiny_chamber, minivault_25
Elf:3:    elf_hall_gauntlet_wide, uniq_nikola
Vaults:1: v_misc_25, ontoclasm_vaults_gateway, vaults_room_stairs_pillars,
          hangedman_vaults_stream, v_misc_4, vaults_room_door_ring,
          hangedman_vaults_slice, hangedman_vaults_maws, vaults_room_corners,
          nicolae_vaults_three_branches, ontoclasm_vaults_shuriken, v_misc_8,
          vaults_room_guarded_vault, basic_altar
Vaults:2: nicolae_vaults_network_barrier, v_misc_29, ontoclasm_vaults_fault,
          v_misc_29, v_misc_29, ontoclasm_vaults_pinch,
          hangedman_vaults_stretched_pinwheel, hangedman_vaults_slice,
          st_spiral_rooms, vaults_room_door_hall, vaults_dpeg_doors,
          minmay_crypt_entry_simple_walls, ontoclasm_vaults_claustrophobia,
          enter_trove_1, serial_shops, nicolae_shop_waterfront,
          nicolae_shop_waterfront, shop, nicolae_shop_crystal
Vaults:3: nicolae_vaults_twisting_passages,
          vaults_standard_mumra_enter_the_diamond, nicolae_vaults_network_star,
          vaults_room_corners, nicolae_vaults_windows_and_doors_thing,
          nicolae_vaults_little_squares_4, hangedman_vaults_corner_blocks,
          nicolae_vaults_yaktaur_gun_rack, nicolae_vaults_little_squares_4,
          special_room_vaults, hangedman_vaults_stretched_pinwheel,
          serial_shops, shop_statue, nicolae_shop_behind_doors, shop
Vaults:4: grunt_vaults_focal, hangedman_vaults_slither, vaults_room_fancy_cross,
          nicolae_vaults_know_your_exits, nicolae_vaults_asterisk,
          hangedman_vaults_corner, ontoclasm_vaults_ring_small,
          nicolae_vaults_border_crossing
Depths:1: enter_ziggurat_d, hell_entry, grunt_pan_entry_sceptre, moated_statue,
          kennysheep_boxes
Depths:2: minmay_dotted_concentric_squares, pf_hell_entry_tar_spiral,
          serial_sigils_hangedman_writhe, infiniplex_staircase_pool_2,
          serial_bayou_shore_a
Depths:3: grunt_profane_halls, hell_entry, serial_shops, pan_entry, abyss_entry
Abyss:3:  onia_ninara_dug_in_and_dangerous
Sewer:    kennysheep_pipe_town
Volcano:  volcano_lake

Table legend:
 A = Turns spent in this place as a percentage of turns spent in the entire game.
 B = Non-inter-level travel turns spent in this place as a percentage of non-inter-level travel turns spent in the entire game.
 C = Inter-level travel turns spent in this place as a percentage of turns spent in this place.
 D = Turns resting spent in this place as a percentage of non-inter-level travel turns spent in this place.
 E = Turns spent auto-exploring this place as a percentage of non-inter-level travel turns spent in this place.
 F = Non-inter-level travel turns spent in this place divided by the number of levels of this place that you've seen.
                   A       B       C       D       E      F
               +-------+-------+-------+-------+-------+----------------------
         Total | 100.0 | 100.0 |   9.5 |  28.3 |  48.0 | 1224.1
       Dungeon |  27.5 |  26.8 |  11.8 |  18.9 |  60.1 | 1006.7
          Lair |  17.3 |  18.0 |   5.4 |  43.0 |  42.3 | 1693.8
         Swamp |   4.8 |   5.0 |   4.9 |   9.5 |  66.4 | 704.0
   Spider Nest |   8.4 |   8.2 |  11.1 |  36.2 |  41.9 | 1154.5
  Orcish Mines |   4.1 |   4.2 |   7.0 |  21.2 |  50.3 | 1175.5
   Elven Halls |   9.9 |   9.6 |  12.5 |  29.9 |  42.1 | 1800.7
        Vaults |  20.7 |  20.2 |  11.9 |  31.4 |  41.8 | 2271.2
        Depths |   4.8 |   5.2 |   2.9 |  17.7 |  50.5 | 973.3
         Abyss |   1.1 |   1.3 |   0.0 |  47.7 |   3.0 | 354.0
         Sewer |   0.8 |   0.9 |   0.0 |  45.8 |  26.6 | 504.0
       Volcano |   0.6 |   0.7 |   0.0 |   3.2 |   1.6 | 371.0
               +-------+-------+-------+-------+-------+----------------------

Table legend:
 A = Kills in this place as a percentage of kills in entire the game.
 B = Kills by you in this place as a percentage of kills by you in the entire game.
 C = Kills by friends in this place as a percentage of kills by friends in the entire game.
 D = Other kills in this place as a percentage of other kills in the entire game.
 E = Experience gained in this place as a percentage of experience gained in the entire game.
 F = Experience gained in this place divided by the number of levels of this place that you have seen.
                   A       B       C       D       E      F
               +-------+-------+-------+-------+-------+----------------------
         Total | 100.0 | 100.0 | 100.0 | 100.0 | 100.0 | 21615.5
       Dungeon |  23.7 |  24.6 |   0.0 |   0.0 |   7.3 | 4847.3
          Lair |   9.8 |  10.2 |   0.0 |   0.0 |   5.7 | 9467.5
         Swamp |   7.5 |   6.8 |  25.0 |  20.0 |   6.1 | 15081.0
   Spider Nest |   8.3 |   8.6 |   0.0 |   0.0 |   8.1 | 20201.2
  Orcish Mines |   7.4 |   7.6 |   1.4 |   0.0 |   2.1 | 10364.5
   Elven Halls |   7.2 |   6.9 |  18.1 |   0.0 |  12.3 | 40880.0
        Vaults |  25.6 |  24.6 |  52.8 |  60.0 |  40.2 | 79863.8
        Depths |   7.3 |   7.5 |   2.8 |  20.0 |  15.6 | 51721.3
         Abyss |   1.5 |   1.6 |   0.0 |   0.0 |   2.1 | 10214.0
         Sewer |   1.1 |   1.1 |   0.0 |   0.0 |   0.0 | 223.0
       Volcano |   0.5 |   0.5 |   0.0 |   0.0 |   0.5 | 5164.0
               +-------+-------+-------+-------+-------+----------------------
